 Dungeon Crawl Stone Soup version 0.31-a0-175-g9f7f995f2b (webtiles) character file.

Game seed: 8141747693661904387

203 qw the Shooter (level 5, -2/49 HPs)
             Began as a Naga Hunter on June 17, 2023.
             Slain by an orc
             ... wielding a +0 hand axe
              (5 damage)
             ... on level 4 of the Dungeon.
             The game lasted 00:00:56 (2331 turns).

qw the Shooter (Naga Hunter)                        Turns: 2331, Time: 00:00:56

Health: -2/49      AC:  3    Str: 14    XL:     5   Next: 81%
Magic:  5/5        EV:  9    Int:  9    God:
Gold:   124        SH:  0    Dex: 16    Spells: 4/4 levels left

rFire   . . .        Y - +1 shortbow
rCold   + . .        (shield currently unavailable)
rNeg    . . .        c - +0 leather armour
rPois   +            (no helmet)
rElec   .            (no cloak)
rCorr   .            (no gloves)
SInv    +            (no barding)
Will    .....        (no amulet)
Stlth   ++           a - ring of protection from cold
HPRegen 0.28/turn    (no ring)
MPRegen 0.09/turn

%: no passive effects
@: about to teleport, very slow
A: AC +1, large, see invisible, deformed body, poison resistance, slowness 2,
spit poison 1, naga tail 1
a: Spit Poison


You were on level 4 of the Dungeon.
You visited 1 branch of the dungeon, and saw 4 of its levels.

You collected 124 gold pieces.


Innate Abilities, Weirdness & Mutations

Your serpentine skin is tough. (AC +1)
You have supernaturally acute eyesight. (SInv)
Armour fits poorly on your strangely shaped body.
Your system is resistant to poisons. (rPois)
You cover ground very slowly.
You can spit poison.
You have a snake-like lower body.


   Skills:
 - Level 3.4 Fighting
 + Level 5.6 Ranged Weapons
 - Level 1.5 Dodging
 - Level 1.5 Stealth


You had 4 spell levels left.
You didn't know any spells.
Your spell library was empty.

Inventory:

Hand Weapons
 Y - a +1 shortbow (weapon)
Armour
 c - a +0 leather armour (worn)
 k - a +0 cloak
Jewellery
 a - a ring of protection from cold (left hand)
 j - the amulet of Elemental Vulnerability {rPois rF-- rC-- AC+8}
   (You found it on level 4 of the Dungeon)

   [amulet of nothing]

   AC:        It affects your AC (+8).
   rF:        It makes you very vulnerable to fire.
   rC:        It makes you very vulnerable to cold.
   rPois:     It protects you from poison.
Scrolls
 g - 2 scrolls of identify
Potions
 d - 2 potions of might
 e - a potion of enlightenment
 f - 2 potions of curing
 h - a potion of haste
 i - a potion of lignification {unknown}
 l - 2 potions of degeneration {unknown}

Dungeon Overview and Level Annotations

Branches:
Dungeon (4/15)
 Temple: D:4-7

Altars:

Shops:
D:1 (

Annotations:
D:4 1 runed translucent door


Message History

2323 ||| INVOKING Spit Poison.
Aiming: Spit Poison (1% risk of failure)
Press: ? - help, Shift-Dir - straight line, f/p - orc The splash of poison hits the orc but does no damage.
The orc is heavily wounded.
You shoot an arrow. The arrow closely misses the orc.
An orc warrior comes into view.
It is wielding a +0 war axe and wearing a +0 plate armour of cold resistance.
The orc barely misses you. The orc hits you with a +0 dagger.
You shoot an arrow. The arrow barely misses the orc.
The arrow hits the orc priest.
The orc priest is lightly wounded.
The orc hits you with a +0 hand axe.
You shoot an arrow. The arrow closely misses the orc.
A scorpion comes into view.
The orc hits you but does no damage. x2
You shoot an arrow. The arrow barely misses the orc.
You have got your breath back.
The orc hits you with a +0 dagger. The orc hits you with a +0 hand axe.
2328 ||| INVOKING Spit Poison.
Aiming: Spit Poison (1% risk of failure)
Press: ? - help, Shift-Dir - straight line, f/p - orc The splash of poison hits the orc!
The orc is poisoned.
You kill the orc!
The orc priest hits you with a +0 short sword.
The orc hits you with a +0 hand axe.
You shoot an arrow. The arrow hits the orc priest.
The orc priest is lightly wounded.
The orc barely misses you.
You shoot an arrow. The arrow hits the orc priest!
The orc priest is severely wounded.
The orc priest calls down the wrath of Beogh upon you.
Beogh smites you! The orc barely misses you. The orc warrior misses you.
2331 ||| READING scroll of teleportation.
As you read the scroll of teleportation, it crumbles to dust.
You feel strangely unstable.
You have got your breath back.
The orc priest hits you with a +0 short sword.
The orc warrior hits you with a +0 war axe!
The orc hits you with a +0 hand axe.
You die...

### #.#####
#.....### ###.....#
# ##.##.########
..+
#....##.....##....#
###........@og....#
#........oo.[....
##........s......
#.......<.......
#.....).........
##>%............
##..<..........
#......[.......
#...........


You could see an orc warrior, a scorpion, an orc priest, an orc and a hobgoblin.

Vanquished Creatures
  An orc priest (D:3)
  Jessica (D:3)
  5 adders
  An ufetubus (D:4)
  3 worms (D:3)
  A dart slug (D:1)
  4 orcs
  6 endoplasms
  2 giant cockroaches (D:1)
  8 goblins
  10 hobgoblins
  7 jackals
  3 quokkas
  3 ball pythons
  9 bats
  5 frilled lizards
  5 kobolds
  5 rats
79 creatures vanquished.

Notes
Turn   | Place    | Note
-------+----------+-------------------------------------------
     0 | D:1      | qw the Naga Hunter began the quest for the Orb.
     0 | D:1      | Reached XP level 1. HP: 19/19 MP: 1/1
     0 | D:1      | 0 ||| qw: Version: 0.3-a-3-g30531e4
     0 | D:1      | 0 ||| qw: Game counter: 404
     0 | D:1      | 0 ||| qw: Always use a shield: true
     0 | D:1      | 0 ||| qw: God list: Okawaru
     0 | D:1      | 0 ||| qw: Allow faded altars: false
     0 | D:1      | 0 ||| qw: Do Orc after D:15 true
     0 | D:1      | 0 ||| qw: Do second Lair branch before Depths: true
     0 | D:1      | 0 ||| qw: Lair rune preference: random
     0 | D:1      | 0 ||| qw: Plans: Normal
     0 | D:1      | 0 ||| PLANNING D:1-11
    15 | D:1      | 15 ||| INVOKING Spit Poison.
    60 | D:1      | 60 ||| INVOKING Spit Poison.
   121 | D:1      | 121 ||| INVOKING Spit Poison.
   134 | D:1      | 134 ||| INVOKING Spit Poison.
   135 | D:1      | Reached skill level 4 in Ranged Weapons
   135 | D:1      | Reached XP level 2. HP: 26/26 MP: 2/2
   170 | D:1      | 170 ||| INVOKING Spit Poison.
   173 | D:1      | 173 ||| INVOKING Spit Poison.
   229 | D:1      | 229 ||| INVOKING Spit Poison.
   247 | D:1      | 247 ||| INVOKING Spit Poison.
   278 | D:1      | 278 ||| INVOKING Spit Poison.
   306 | D:1      | 306 ||| INVOKING Spit Poison.
   308 | D:1      | Found Anyhemumo's Antique Weapon Shoppe.
   346 | D:1      | 346 ||| INVOKING Spit Poison.
   347 | D:1      | Reached XP level 3. HP: 32/32 MP: 3/3
   352 | D:1      | 352 ||| INVOKING Spit Poison.
   396 | D:1      | 396 ||| INVOKING Spit Poison.
   420 | D:1      | Found a faded altar of an unknown god.
   541 | D:1      | 541 ||| INVOKING Spit Poison.
   555 | D:1      | 555 ||| INVOKING Spit Poison.
   559 | D:1      | 559 ||| INVOKING Spit Poison.
   699 | D:1      | 699 ||| READING scroll labelled IPTYK FIM ORPH.
   700 | D:1      | 700 ||| READING scroll labelled XYOD URAUJOCSI.
   701 | D:1      | 701 ||| READING scroll labelled FEF WUAWNEORIZ.
   702 | D:1      | 702 ||| READING scroll labelled YMI YSHRUACINN.
   761 | D:1      | 761 ||| READING scroll labelled UHOICR EVEHAN.
   762 | D:1      | 762 ||| READING scroll labelled TAUSKURGHOS.
   766 | D:1      | 766 ||| DROPPING scroll of butterflies.
   795 | D:2      | 795 ||| INVOKING Spit Poison.
   799 | D:2      | 799 ||| INVOKING Spit Poison.
   803 | D:2      | 803 ||| INVOKING Spit Poison.
   863 | D:2      | 863 ||| INVOKING Spit Poison.
   888 | D:2      | 888 ||| INVOKING Spit Poison.
  1032 | D:2      | 1032 ||| INVOKING Spit Poison.
  1046 | D:2      | 1046 ||| INVOKING Spit Poison.
  1051 | D:2      | 1051 ||| INVOKING Spit Poison.
  1057 | D:2      | 1057 ||| INVOKING Spit Poison.
  1058 | D:2      | 1058 ||| INVOKING Spit Poison.
  1163 | D:2      | 1163 ||| INVOKING Spit Poison.
  1164 | D:2      | Reached skill level 5 in Ranged Weapons
  1174 | D:2      | 1174 ||| INVOKING Spit Poison.
  1175 | D:2      | Reached XP level 4. HP: 39/39 MP: 4/4
  1213 | D:2      | 1213 ||| INVOKING Spit Poison.
  1431 | D:2      | 1431 ||| INVOKING Spit Poison.
  1437 | D:2      | 1437 ||| INVOKING Spit Poison.
  1558 | D:2      | 1558 ||| INVOKING Spit Poison.
  1565 | D:2      | 1565 ||| UPGRADING to ring of protection from cold.
  1566 | D:2      | 1566 ||| READING scroll labelled IMPYET NU NAOF.
  1571 | D:3      | 1571 ||| INVOKING Spit Poison.
  1574 | D:3      | 1574 ||| INVOKING Spit Poison.
  1603 | D:3      | 1603 ||| INVOKING Spit Poison.
  1607 | D:3      | 1607 ||| INVOKING Spit Poison.
  1656 | D:3      | 1656 ||| INVOKING Spit Poison.
  1659 | D:3      | 1659 ||| INVOKING Spit Poison.
  1673 | D:3      | 1673 ||| INVOKING Spit Poison.
  1686 | D:3      | 1686 ||| INVOKING Spit Poison.
  1694 | D:3      | 1694 ||| INVOKING Spit Poison.
  1702 | D:3      | Noticed Jessica
  1703 | D:3      | 1703 ||| INVOKING Spit Poison.
  1705 | D:3      | Killed Jessica
  1706 | D:3      | Reached skill level 3 in Fighting
  1706 | D:3      | Reached XP level 5. HP: 44/49 MP: 5/5
  1708 | D:3      | 1708 ||| INVOKING Spit Poison.
  1728 | D:3      | 1728 ||| INVOKING Spit Poison.
  1735 | D:3      | 1735 ||| INVOKING Spit Poison.
  1740 | D:3      | 1740 ||| INVOKING Spit Poison.
  1744 | D:3      | 1744 ||| INVOKING Spit Poison.
  1745 | D:3      | 1745 ||| FLEEEEING.
  1750 | D:3      | 1750 ||| INVOKING Spit Poison.
  1883 | D:3      | 1883 ||| INVOKING Spit Poison.
  1903 | D:3      | 1903 ||| READING 3 scrolls labelled ETUIBL BITENIL.
  1904 | D:3      | 1904 ||| DRINKING 2 fuming purple potions.
  1905 | D:3      | 1905 ||| DRINKING 2 pink potions.
  1906 | D:3      | 1906 ||| READING 2 scrolls of identify.
  1906 | D:3      | 1906 ||| IDENTIFYING sedimented amethyst potion
  1907 | D:3      | 1907 ||| INVOKING Spit Poison.
  1910 | D:3      | 1910 ||| INVOKING Spit Poison.
  1912 | D:3      | 1912 ||| DROPPING 2 scrolls of fog.
  1915 | D:3      | 1915 ||| INVOKING Spit Poison.
  1938 | D:3      | Identified the +8 plate armour of Snakes and Ladders {rF++
                  | Str-5}
  1965 | D:3      | 1965 ||| INVOKING Spit Poison.
  2225 | D:3      | 2225 ||| READING 2 scrolls of identify.
  2225 | D:3      | 2225 ||| IDENTIFYING white potion
  2257 | D:4      | Found the amulet of Elemental Vulnerability {rPois rF--
                  | rC-- AC+8}
  2265 | D:4      | 2265 ||| INVOKING Spit Poison.
  2286 | D:4      | 2286 ||| INVOKING Spit Poison.
  2318 | D:4      | Found a runed translucent door.
  2319 | D:4      | 2319 ||| INVOKING Spit Poison.
  2323 | D:4      | 2323 ||| INVOKING Spit Poison.
  2324 | D:4      | Noticed an orc warrior
  2328 | D:4      | 2328 ||| INVOKING Spit Poison.
  2330 | D:4      | HP: 12/49 [orc priest/divine providence (9)]
  2331 | D:4      | 2331 ||| READING scroll of teleportation.
  2331 | D:4      | HP: 3/49 [orc warrior/+0 war axe (7)]
  2331 | D:4      | Slain by an orc

Levels and vault maps discovered:
D:1:      lemuel_arrival_cross, layout_loops_ring, serial_shops, shop,
          shapermc_ecumenical_altar_mp_vishouse
D:2:      layout_loops_ring, minmay_misc_feat_hallway, kennysheep_generic_room_4
D:3:      layout_loops_ring, hangedman_glass_garden, kennysheep_doodads,
          uniq_jessica
D:4:      layout_rooms, ebering_ghost_sewer_f, serial_shops, shop

Skill      XL: |  1  2  3  4 |
---------------+-------------+-----
Ranged Weapons | 4 5 |  5.6
Fighting       | 3 |  3.4
Dodging        | |  1.5
Stealth        | |  1.5

Action                     |  1- 3 |  4- 6 || total
---------------------------+-------+-------++-------
   Fire: Shortbow          |    48 |    77 ||   125
Ability: Spit Poison       |    27 |    30 ||    57
    Use: Scroll            |     6 |     5 ||    11
         Potion            |       |     2 ||     2
 Armour: Leather armour    |     1 |     9 ||    10
  Dodge: Dodged            |     4 |    14 ||    18

Table legend:
 A = Non-vault XP
 B = Vault XP
 C = Vault XP percentage of total XP
 D = Non-vault monster count
 E = Vault monster count
 F = Vault count percentage of total count
                 A         B        C        D         E       F
            +---------+---------+-------+---------+---------+-------
      Total |     251 |      39 |  13.4 |      77 |       2 |   2.5
            +---------+---------+-------+---------+---------+-------
        D:1 |      46 |       0 |   0.0 |      27 |       0 |   0.0
        D:2 |      69 |       2 |   2.8 |      21 |       1 |   4.5
        D:3 |     110 |      37 |  25.2 |      25 |       1 |   3.8
        D:4 |      26 |       0 |   0.0 |       4 |       0 |   0.0
            +---------+---------+-------+---------+---------+-------
